Description

PvP All-in 6 adept, 2 immortral, prisma, stalker

VOD

https://youtu.be/FgaSRG3Owbc

Build Order

Get SALT Encoding   

  14  0:18  Pylon  
  16  0:38  Gateway  and boost Nexus
  14  0:48  Assimilator  gas 1 and gas 2, after scout natural (photon rush)
  19  1:08  Gateway  second
  21  1:25  Cybernetics Core  
  22  1:36  Pylon  second, near gas 2
  28  2:01  Warp Gate, Adept x2  and Warp, a total of 8 adepts
  34  2:31  Pylon  fourth, near gas 1
  35  2:46  Pylon  5
  38  3:16  Nexus  Second
  38  3:26  Robotics Facility  near gas 2, if total 8 adept - build stalker
  49  4:19  Immortal  Total 2, after prism
  54  4:25  Sentry  2 (total 4)
  58  5:04  Sentry  Total 4
  58  5:17  Gateway, Forge  
  66  5:45  Gateway  Total 4
  68  5:57  Protoss Ground Weapons Level 1, Assimilator  x2, natural, and go attack. 7:10 Twilight Council and Gateway
Spawning Tool Build Advisor. Get it on Overwolf

Go to:

Details

  • Created by: ztmlsilon
  • Published on: Oct 07, 2020
  • Modified on: Oct 07, 2020
  • Patch: 4.11.0
  • Difficulty: Medium
Show
View Real Time Build Order
Export as new Build Order

Comments (0)

There are no comments. Be the first!

Create an account to comment!